 Dungeon Crawl Stone Soup version 0.23-a0-629-gae4348f (webtiles) character file.

454036 Firecrotchwizard the Slayer (level 23, -1/234 HPs)
             Began as a Minotaur Berserker on Dec 24, 2018.
             Was the Champion of Trog.
             Killed by divine providence
             ... invoked by a smoke demon
              (13 damage)
             ... on level 4 of the Abyss on Dec 25, 2018.
             The game lasted 02:25:00 (47534 turns).

Firecrotchwizard the Slayer (Minotaur Berserker)   Turns: 47534, Time: 02:25:01

Health: -1/234     AC: 45    Str: 26      XL:     23   Next: 24%
Magic:  13/13      EV: 21    Int:  4 (8)  God:    Trog [******]
Gold:   908        SH:  0    Dex: 18      Spells: 22/22 levels left

rFire    . . .     SeeInvis .   M - +4 eveningstar (freeze)
rCold    + . .     Gourm    .   T - +5 large shield "Petro" {Int+6}
rNeg     . . .     Faith    .   Q - +27 Lear's hauberk
rPois    +         Spirit   .   (helmet currently unavailable)
rElec    .         Reflect  +   R - +2 cloak {rF+}
rCorr    .         Harm     .   (gloves currently unavailable)
MR       +....                  (boots currently unavailable)
Stlth    ..........             N - amulet of Oseacim {Reflect rPois SH+3 Stlth+}
HPRegen  0.00/turn              Y - ring "Betaogas" {Ice rPois Str-4 Dex+4 Stlth+}
MPRegen  0.13/turn              j - ring of Yrorut {MP-9 Int-4 Dex+4 Slay+5}

@: confused, non-regenerating, diseased
A: retaliatory headbutt, horns 2, deterioration 1, screaming 1
}: 2/15 runes: barnacled, gossamer
a: Berserk, Trog's Hand, Brothers in Arms, Renounce Religion


You were on level 4 of the Abyss.
You worshipped Trog.
Trog was exalted by your worship.
You were not hungry.

You visited 7 branches of the dungeon, and saw 38 of its levels.
You visited the Abyss 1 time.
You visited 1 bazaar.
You also visited: Gauntlet, Ice Cave and Volcano.

You collected 3843 gold pieces.
You spent 2935 gold pieces at shops.

Inventory:

Hand Weapons
 u - a +7 antimagic morningstar
   (Trog gifted it to you on level 1 of the Vaults)
 M - a +4 eveningstar of freezing (weapon)
   (You subdued it on level 2 of the Elven Halls)
Missiles
 b - 9 throwing nets {=f, !d}
 A - 2 tomahawks of dispersal {=f}
Armour
 Q - the +27 Lear's hauberk (worn)
   (You found it on level 4 of the Vaults)
 R - a +2 cloak of fire resistance (worn)
   (You found it in a volcano)
 T - the +5 large shield "Petro" (worn) {Int+6}
   (You bought it in a shop in a bazaar)

   It affects your intelligence (+6).
Jewellery
 e - an uncursed ring of resist corrosion
   (You found it on level 1 of the Dungeon)
 j - the ring of Yrorut (right hand) {MP-9 Int-4 Dex+4 Slay+5}
   (You found it on level 1 of the Spider Nest)

   [ring of intelligence]

   It affects your intelligence (-4).
   It affects your dexterity (+4).
   It affects your accuracy and damage with ranged weapons and melee attacks
   (+5).
   It affects your magic capacity (-9).
 p - an uncursed ring of magical power {MP+9}
   (You took it off a deep elf mage on level 3 of the Elven Halls)
 x - an uncursed ring of positive energy {rN+}
   (You bought it in a shop on level 6 of the Dungeon)
 L - a +3 ring of evasion {unknown}
   (You found it on level 2 of the Abyss)
 N - the amulet of Oseacim (around neck) {Reflect rPois SH+3 Stlth+}
   (You found it on level 2 of the Vaults)

   [amulet of reflection]

   It shields you and reflects attacks.
   It protects you from poison.
   It affects your SH (+3).
   It makes you more stealthy.
 Y - the ring "Betaogas" (left hand) {Ice rPois Str-4 Dex+4 Stlth+}
   (You found it in a Gauntlet)

   [ring of ice]

   It enhances your ice magic.
   It affects your strength (-4).
   It affects your dexterity (+4).
   It makes you vulnerable to fire.
   It protects you from cold.
   It protects you from poison.
   It makes you more stealthy.
Wands
 m - a wand of iceblast (44)
   (You found it on level 11 of the Dungeon)
 z - a wand of digging (7)
   (You found it on level 8 of the Dungeon)
 D - a wand of clouds (7)
   (You found it on level 9 of the Dungeon)
 G - a wand of enslavement (13)
   (You found it on level 2 of the Abyss)
 S - a wand of scattershot (7)
   (You found it on level 3 of the Shoals)
 U - a wand of acid (32)
   (You found it on level 1 of the Spider Nest)
Scrolls
 d - 5 scrolls of magic mapping {!r}
 g - 18 scrolls of remove curse
 i - 5 scrolls of identify
 o - 9 scrolls of immolation {!r}
 v - 8 scrolls of blinking {!r}
 w - 6 scrolls of fear
 y - 2 scrolls of summoning
 E - 2 scrolls of enchant armour
 F - a scroll of holy word {!r}
 H - a scroll of fog
 I - 2 scrolls of vulnerability {!r!r}
 K - 9 scrolls of teleportation
Potions
 a - 3 potions of might
 f - 4 potions of flight
 h - 7 potions of agility
 l - 8 potions of berserk rage {!q}
 n - 6 potions of brilliance
 r - 3 potions of cancellation
 s - 6 potions of lignification {!q}
 t - 10 potions of ambrosia
 B - 3 potions of resistance
 C - 4 potions of curing
 J - 7 potions of mutation {!q}
 P - 2 potions of haste
Miscellaneous
 O - a lamp of fire
   (You found it on level 2 of the Elven Halls)
 V - a phantom mirror
 X - a fan of gales
   (You found it in a Gauntlet)
Comestibles
 c - 62 rations


   Skills:
 + Level 25.3 Fighting
   Level 5.8(12.0) Axes
 - Level 15.8(16.1) Maces & Flails
 - Level 19.4 Armour
 + Level 17.6 Dodging
 + Level 25.1 Shields


You had 22 spell levels left.
You didn't know any spells.
Your spell library was empty.

Dungeon Overview and Level Annotations

Branches:
Dungeon (15/15)            Temple (0/1) D:5            Lair (6/6) D:8
 Shoals (4/4) Lair:3       Spider (4/4) Lair:3        Slime (0/5) Lair:5
    Orc (2/2) D:9             Elf (3/3) Orc:2        Vaults (4/5) D:13
  Crypt (0/3) Vaults:3     Depths (0/5) D:15

Altars:
Ashenzari
Cheibriados
Elyvilon
Gozag
Kikubaaqudgha
Okawaru
Qazlal
Sif Muna
Trog
Uskayaw
Vehumet
Xom
Yredelemnul
Zin
The Shining One
Jiyva
Lugonu

Shops:
D:4 }   D:5 *   D:6 ***(   D:8 *   D:9 (   D:12 [   D:15 }   Orc:2 :*[(?
Shoals:2 [   Shoals:3 *   Vaults:4 *

Annotations:
Lair:2 exclusion: 2 oklob plants
Shoals:3 Polyphemus


Innate Abilities, Weirdness & Mutations

You reflexively headbutt those who attack you in melee.
You have a pair of horns on your head.
Your body sometimes deteriorates upon taking damage.
You occasionally shout uncontrollably at your foes.


Message History

Something smites you! The golden eye blinks at you.
You resist with almost no effort.
A starcursed mass splits.
A deafening chorus of shrieks assaults your mind!
You take 26 damage, and have 73/234 hp.
The thrashing horror roars!
You hear a chilling moan.
The thrashing horror barely misses you. The thrashing horror misses you.
The golden eye blinks at you. You resist with some effort.
A deafening chorus of shrieks assaults your mind!
* * * LOW HITPOINT WARNING * * *
You take 5 damage, and have 68/234 hp.
An insubstantial wisp comes into view.
The thrashing horror roars!
The insubstantial wisp gives a chilling moan.
The thrashing horror tramples you but does no damage.
The thrashing horror completely misses you.
The golden eye blinks at you.
You are more confused.
The insubstantial wisp blinks!
The golden eye blinks at you.
You easily resist.
You're too confused to move!
The thrashing horror misses you. x2
An insubstantial wisp comes into view.
The golden eye blinks at you.
You are more confused.
The golden eye blinks at you.
You are more confused.
You flatten the golden eye like a pancake!!!
You freeze the golden eye.
You kill the golden eye!
Trog accepts your kill.
The thrashing horror completely misses you.
The thrashing horror tramples you but does no damage.
The thrashing horror completely misses you.
The thrashing horror barely misses you.
A deafening chorus of shrieks assaults your mind!
* * * LOW HITPOINT WARNING * * *
The thrashing horror barely misses you.
The thrashing horror closely misses you.
The smoke demon gestures at you. Something smites you!
* * * LOW HITPOINT WARNING * * *
You take 23 damage, and have 45/234 hp.
You bump into the rock wall.
The thrashing horror tramples you but does no damage. x2
The thrashing horror closely misses you.
The thrashing horror tramples you but does no damage.
The golden eye blinks at you.
You are more confused.
The neqoxec gestures.
The smoke demon gestures at you. Something smites you!
* * * LOW HITPOINT WARNING * * *
Unknown command.
You take 9 damage, and have 36/234 hp.
The thrashing horror roars!
The thrashing horror tramples you but does no damage.
The thrashing horror completely misses you.
A deafening chorus of shrieks assaults your mind!
* * * LOW HITPOINT WARNING * * *
The raiju completely misses you.
A freezing wraith comes into view.
The quasit closely misses you. The quasit misses you.
The quasit claws you but does no damage.
The ynoxinul gestures.
You take 10 damage, and have 26/234 hp.
Unknown command.
You impale the raiju!! You freeze the raiju! Your headbutt misses the raiju.
The thrashing horror misses you.
The thrashing horror tramples you but does no damage.
The raiju bites you but does no damage. The quasit misses you.
The quasit closely misses you. The quasit completely misses you.
The quasit misses you.
The quasit claws you but does no damage.
The quasit closely misses you.
You bump into the rock wall.
The thrashing horror roars!
The white imp disappears in a puff of smoke!
The thrashing horror misses you. The thrashing horror barely misses you.
The starcursed mass engulfs you but does no damage.
The ynoxinul gestures.
The smoke demon gestures at you. Something smites you!
* * * LOW HITPOINT WARNING * * *
The raiju bites you but does no damage.
The quasit bites you but does no damage.
The quasit misses you. x3; The quasit closely misses you.
The quasit completely misses you. The golden eye blinks at you.
You easily resist.
You take 12 damage, and have 14/234 hp.
You completely miss the golden eye.
The thrashing horror roars!
The thrashing horror completely misses you. x2
The starcursed mass engulfs you.
* * * LOW HITPOINT WARNING * * *
The quasit completely misses you. x2; The quasit closely misses you.
The smoke demon gestures at you. Something smites you!
You die...

#. . #.#### ..
..#..###### #
#..##......... ...
....... ..... ...
..... #..# ..#
#.h##X.##..##. .
.##55@XX5.......
....3v5XGX3.5.....
.......X5##X5##..##.
.##..##vX##XX##..##
. #..##5x.x.3W... ..
.......vX. X5.....3.
. ...X4##..##..##. #
.##3.##..##..#
.##..##..3.........


You could see 8 starcursed masses, an ancient zyme, 2 thrashing horrors, 2 large
abominations, a freezing wraith, a smoke demon, a raiju, a neqoxec, 2 ynoxinuls,
a chaos spawn, 3 insubstantial wisps, 2 quasits, a golden eye, a white imp and 6
ufetubi.

Vanquished Creatures
  An ancient lich (Abyss:3)
  Sojobo (Vaults:4)
  Nikola (Spider:3)
  A golden dragon (shapeshifter) (Abyss:4)
  2 bone dragons (Abyss:4)
  The ghost of Snack the Hoplite, an adept DrSk of Makhleb (Vaults:4)
  A hellephant (Abyss:4)
  A Hell Sentinel (Abyss:3)
  A deep elf blademaster (Elf:2)
  2 tentacled monstrosities
  2 liches
  Frances (D:14)
  Asterion (Elf:1)
  An ancient champion (Vaults:3)
  Gastronok (Lair:3)
  A sphinx (Vaults:4)
  13 tentacled starspawn
  A tengu reaver (Vaults:4)
  3 fire giants
  A frost giant (Vaults:4)
  2 revenants (Abyss:4)
  3 deep elf sorcerers
  A balrug (Abyss:4)
  An orc warlord (Vaults:4)
  A ghost moth (Spider:4)
  A ghoul (Vaults:3)
  5 emperor scorpions
  10 vault wardens
  An angel (Abyss:4)
  7 very ugly things
  A reaper (IceCv)
  15 ironheart preservers
  2 war gargoyles (Vaults:4)
  8 stone giants
  3 deep elf annihilators
  3 entropy weavers
  Nessos (D:13)
  2 lorocyprocas (Abyss:4)
  The ghost of Sharkman1231 the Slicer, a journeyman DsWn of Trog (D:14)
  3 minotaurs
  Snorg (Orc:1)
  2 eidola
  3 blizzard demons
  The ghost of Ibbaw the Marksgargoyle, a journeyman GrHu of Trog (Lair:4)
  2 merfolk javelineers
  7 yaktaur captains
  4 merfolk impalers
  A fire dragon (Vaults:2)
  A deep elf high priest (Elf:3)
  Harold (Orc:1)
  Josephine (D:15)
  4 great orbs of eyes
  5 vault guards
  8 rakshasas
  7 hydras
  A naga warrior (Vaults:4)
  4 death knights
  Erica (Orc:1)
  An ice dragon (shapeshifter) (Vaults:4)
  An ice dragon (Vaults:2)
  9 centaur warriors
  2 satyrs (Shoals:3)
  20 dancing weapons
  8 merfolk aquamancers
  3 tengu warriors
  38 two-headed ogres
  11 death yaks
  13 ogre magi
  7 hell hogs
  A deep troll shaman (Vaults:3)
  Urug (D:12)
  A vampire mage (Abyss:4)
  26 thrashing horrors
  An orc high priest (Orc:2)
  24 deep elf knights
  2 sun demons (Abyss:4)
  A deep troll earth mage (Vaults:2)
  A soul eater (Abyss:4)
  Sonja (D:13)
  12 wretched stars
  3 shadow wraiths (Vaults:2)
  A skeletal warrior (Vaults:3)
  8 spatial maelstroms
  2 unseen horrors
  2 sixfirhies (Abyss:4)
  11 deep trolls
  2 flayed ghosts
  A quicksilver dragon simulacrum (Abyss:4)
  8 sea snakes
  4 glowing orange brains
  5 wizards
  An obsidian statue (Gauntlet)
  A kraken simulacrum (Shoals:4)
  An anaconda zombie (Abyss:4)
  17 deep elf archers
  A golden dragon skeleton (Abyss:4)
  12 orc knights
  A phantasmal warrior (D:12)
  A harpy (shapeshifter) (Vaults:1)
  5 necromancers
  A shining eye (Abyss:4)
  12 ironbrand convokers
  10 harpies
  23 orb spiders
  An anaconda skeleton (Abyss:4)
  9 cyclopes
  A wolf spider zombie (D:12)
  A moth of wrath (Spider:2)
  An orb spider (shapeshifter) (Vaults:1)
  8 orc sorcerers
  34 wolf spiders
  48 large abominations
  8 manticores
  75 deep elf magi
  15 ugly things
  7 fauns
  A frost giant skeleton (Vaults:4)
  3 worldbinders (Abyss:4)
  5 elephants (Lair:5)
  5 water nymphs
  A guardian serpent (shapeshifter) (Elf:1)
  A rust devil (Abyss:4)
  2 apocalypse crabs (Abyss:4)
  12 vault sentinels
  2 merfolk sirens
  An eye of devastation (Abyss:4)
  A stone giant skeleton (Vaults:3)
  9 smoke demons
  5 black mambas
  3 gargoyles
  2 ice statues (IceCv)
  3 torpor snails
  7 rime drakes
  2 orange demons (Abyss:2)
  7 freezing wraiths
  A hellion (Abyss:2)
  12 komodo dragons
  22 spiny frogs
  3 rime drakes (shapeshifter)
  2 kobold demonologists
  14 demonic crawlers
  38 yaktaurs
  8 ice devils (IceCv)
  8 ancient zymes
  2 tormentors (Abyss:4)
  4 efreet
  A hellwing (Abyss:4)
  A silent spectre (Abyss:4)
  5 polar bears
  11 trolls
  A red devil (Abyss:4)
  A yaktaur skeleton (Vaults:4)
  34 jumping spiders
  A polar bear (shapeshifter) (Vaults:3)
  19 merfolk
  A harpy skeleton (Abyss:4)
  3 meliai (D:13)
  3 wind drakes
  A jumping spider (shapeshifter) (Vaults:1)
  6 tyrant leeches
  28 blink frogs
  A tengu simulacrum (Vaults:4)
  39 raiju
  2 wind drakes (shapeshifter)
  A hornet (shapeshifter) (Vaults:4)
  5 hornets
  22 dream sheep
  A hippogriff (shapeshifter) (Vaults:1)
  16 slime creatures
  4 snapping turtles
  9 hippogriffs
  4 shadows
  30 tarantellas
  9 flying skulls (Abyss:4)
  9 air elementals
  96 redbacks
  8 wraiths
  5 fire bats
  13 water elementals
  2 basilisks
  A vampire (D:14)
  2 wyverns
  4 hogs (D:8)
  3 fire elementals
  30 yaks
  A yak (shapeshifter) (Vaults:4)
  15 humans
  6 hungry ghosts
  3 golden eyes
  6 ynoxinuls
  3 human simulacra
  A steam dragon (D:12)
  A yaktaur simulacrum (Vaults:2)
  6 neqoxecs
  16 vampire mosquitoes
  15 chaos spawn
  A spatial vortex (Abyss:3)
  Menkaure (D:4)
  2 soldier ants (shapeshifter)
  5 wargs
  2 acid dragons
  4 hell hounds (Abyss:3)
  5 insubstantial wisps (Abyss:3)
  A water moccasin (shapeshifter) (Abyss:4)
  A soldier ant (D:13)
  4 swamp worms (Gauntlet)
  6 water moccasins
  4 porcupines
  33 orc warriors
  2 eyes of draining (shapeshifter)
  4 eyes of draining
  3 sky beasts
  3 black bears
  28 starcursed masses
  6 necrophages
  2 black bears (shapeshifter)
  4 ice beasts
  32 ogres
  7 phantoms
  17 centaurs
  8 crocodiles
  4 wolves
  2 human zombies
  7 big kobolds
  30 bullfrogs
  A wyvern zombie (D:12)
  6 earth elementals
  A deep troll simulacrum (Vaults:2)
  2 gnoll sergeants
  A human skeleton (Vaults:3)
  A glowing shapeshifter simulacrum (Vaults:4)
  27 small abominations
  A hornet simulacrum (D:15)
  A wyvern skeleton (D:14)
  7 scorpions
  9 killer bees
  11 wights
  4 howler monkeys
  4 electric eels
  4 crimson imps
  6 centaur zombies
  5 quasits
  2 bullfrog zombies (D:12)
  7 hounds
  4 jellies
  A bullfrog skeleton (D:12)
  17 orc priests
  4 centaur skeletons
  3 iron imps
  28 orc wizards
  A gnoll shaman (D:4)
  4 iguanas
  Terence (D:3)
  10 worker ants
  2 lightning spires (Abyss:4)
  A killer bee zombie (D:5)
  3 wolf simulacra (Lair:2)
  2 polar bear simulacra (Lair:2)
  A hound zombie (D:6)
  A hound skeleton (D:5)
  2 mummies (D:12)
  2 worker ant zombies
  Robin (D:3)
  13 gnolls
  12 adders
  2 shadow imps
  10 white imps
  11 ufetubi
  An ooze (D:6)
  2 adder skeletons
  10 worms
  2 dart slugs (D:1)
  3 leopard geckos
  97 orcs
  A ball python (D:2)
  4 giant cockroaches
  9 goblins
  7 hobgoblins
  4 jackals (D:3)
  5 quokkas
  A ball python skeleton (D:4)
  A ball python zombie (D:5)
  11 bats
  5 frilled lizards
  24 kobolds
  3 leopard gecko skeletons
  2 rats (D:3)
  6 river rat simulacra (Lair:2)
  8 starspawn tentacles
  A tentacle (Shoals:4)
2049 creatures vanquished.

Vanquished Creatures (collateral kills)
  Rupert (D:12)
  An orc warlord (Orc:2)
  2 emperor scorpions (Spider:4)
  2 merfolk javelineers
  3 merfolk impalers
  A satyr (Shoals:4)
  2 orc high priests (Orc:2)
  An orc sorcerer (Orc:2)
  3 orb spiders (Spider:4)
  3 wolf spiders (Spider:1)
  2 fauns (Shoals:4)
  A merfolk siren (Shoals:4)
  A freezing wraith (D:12)
  4 merfolk
  A jumping spider (Spider:1)
  A wind drake (Shoals:2)
  2 redbacks
  3 tarantellas (Spider:1)
  2 humans (D:12)
  5 orc warriors (Orc:2)
  4 orc priests (Orc:2)
  An orc wizard (Orc:2)
  6 orcs (Orc:2)
52 creatures vanquished.

Vanquished Creatures (others)
  A tengu reaver (Vaults:4)
  A ghost moth (Spider:4)
  A stone giant (Vaults:2)
  A yaktaur captain (Vaults:2)
  A deep elf knight (Vaults:3)
  A deep elf archer (Vaults:4)
  2 deep elf magi
  An orb spider (Spider:4)
  8 yaktaurs
  A blink frog (Abyss:4)
  A tarantella (Spider:4)
  A wraith (Abyss:2)
  A shadow (D:15)
  An ogre (Vaults:2)
  2 small abominations (Abyss:4)
  3 white imps (IceCv)
  4 ufetubi (IceCv)
  3 orcs (Orc:2)
  2 bushes
  27 demonic plants (Gauntlet)
  30 fungi
  3 lurking horrors (Abyss:4)
  51 plants
  24 starspawn tentacles
  7 tentacles (Shoals:4)
178 creatures vanquished.

Grand Total: 2279 creatures vanquished

Notes
Turn   | Place    | Note
-------+----------+-------------------------------------------
     0 | D:1      | Firecrotchwizard the Minotaur Berserker began the quest for
                  | the Orb.
     0 | D:1      | Reached XP level 1. HP: 19/19 MP: 0/0
   262 | D:1      | Reached XP level 2. HP: 26/27 MP: 1/1
   262 | D:1      | Reached skill level 4 in Axes
   856 | D:2      | Found a glowing golden altar of the Shining One.
   857 | D:2      | Found an opulent altar of Gozag.
   859 | D:2      | Found a hide-covered altar of Uskayaw.
   862 | D:2      | Found a deep blue altar of Sif Muna.
   863 | D:2      | Found a basalt altar of Yredelemnul.
   878 | D:2      | Reached skill level 4 in Fighting
   882 | D:2      | Reached XP level 3. HP: 28/33 MP: 2/2
  1131 | D:2      | Reached skill level 3 in Armour
  1356 | D:2      | Reached XP level 4. HP: 31/40 MP: 3/3
  1466 | D:2      | Reached ** piety under Trog
  1532 | D:3      | Noticed Terence
  1539 | D:3      | Killed Terence
  1744 | D:3      | Found a snail-covered altar of Cheibriados.
  1798 | D:3      | Noticed Robin
  1809 | D:3      | Killed Robin
  1809 | D:3      | Reached skill level 1 in Shields
  1811 | D:3      | Reached skill level 1 in Maces & Flails
  2036 | D:3      | Noticed an ice beast
  2042 | D:3      | Killed an ice beast
  2042 | D:3      | Reached skill level 2 in Maces & Flails
  2042 | D:3      | Reached XP level 5. HP: 21/47 MP: 4/4
  2457 | D:4      | Reached skill level 2 in Shields
  2461 | D:4      | Reached skill level 4 in Armour
  2463 | D:4      | Reached XP level 6. HP: 25/55 MP: 5/5
  2468 | D:4      | Reached skill level 3 in Maces & Flails
  2688 | D:4      | Found Bozuatz's Gadget Shop.
  2702 | D:4      | Reached *** piety under Trog
  2702 | D:4      | Reached skill level 5 in Fighting
  2784 | D:4      | Noticed Menkaure
  2789 | D:4      | Killed Menkaure
  2961 | D:4      | Reached skill level 4 in Maces & Flails
  2961 | D:4      | Reached skill level 3 in Shields
  2961 | D:4      | Reached XP level 7. HP: 61/61 MP: 6/6
  3147 | D:5      | Entered Level 5 of the Dungeon
  3177 | D:5      | Found Gedeunu's Assorted Antiques.
  3211 | D:5      | Reached skill level 5 in Maces & Flails
  3284 | D:5      | Bought a cloak for 112 gold pieces
  3284 | D:5      | Bought a scroll labeled ZEPAXT YLEREL for 25 gold pieces
  3284 | D:5      | Bought a scroll labeled OSMUIX JIUKAX for 25 gold pieces
  3295 | D:5      | Found a staircase to the Ecumenical Temple.
  3326 | D:5      | Reached skill level 5 in Armour
  3338 | D:5      | Found an iron altar of Okawaru.
  3734 | D:6      | Reached skill level 6 in Fighting
  3740 | D:6      | Reached skill level 4 in Shields
  3772 | D:6      | Reached skill level 6 in Maces & Flails
  3772 | D:6      | Reached XP level 8. HP: 49/70 MP: 7/7
  3843 | D:6      | Reached **** piety under Trog
  3845 | D:6      | Found Keoqef's Assorted Antiques.
  3877 | D:6      | Bought a glowing emerald ring for 85 gold pieces
  3885 | D:6      | Found Abiserch's Assorted Antiques.
  3888 | D:6      | Found Xobaemum's General Store.
  3910 | D:6      | Bought a scroll of enchant armour for 90 gold pieces
  4049 | D:6      | Reached skill level 6 in Armour
  4053 | D:6      | Reached skill level 7 in Maces & Flails
  4079 | D:6      | Received a gift from Trog
  4084 | D:6      | Reached skill level 5 in Shields
  4112 | D:6      | Found an ancient bone altar of Kikubaaqudgha.
  4114 | D:6      | Found Waqoch's Weapon Emporium.
  4148 | D:6      | Found a glowing silver altar of Zin.
  4203 | D:6      | Reached skill level 7 in Fighting
  4478 | D:6      | Reached skill level 8 in Maces & Flails
  4704 | D:7      | Reached XP level 9. HP: 79/79 MP: 8/8
  4891 | D:7      | Found a shimmering altar of Xom.
  4936 | D:7      | Reached skill level 7 in Armour
  4936 | D:7      | Reached skill level 6 in Shields
  4983 | D:7      | Found a shattered altar of Ashenzari.
  5187 | D:8      | Reached skill level 9 in Maces & Flails
  5214 | D:8      | Found a staircase to the Lair.
  5222 | D:8      | Noticed a two-headed ogre
  5228 | D:8      | Killed a two-headed ogre
  5228 | D:8      | Reached skill level 8 in Fighting
  5528 | D:8      | Noticed a kobold demonologist
  5545 | D:8      | Killed a kobold demonologist
  5545 | D:8      | Reached skill level 10 in Maces & Flails
  5545 | D:8      | Reached skill level 7 in Shields
  5548 | D:8      | Reached skill level 8 in Armour
  5677 | D:8      | Found a bloodstained altar of Trog.
  5776 | D:8      | Reached XP level 10. HP: 90/90 MP: 5/9
  5837 | D:8      | Found Ede Covosm's Assorted Antiques.
  6117 | D:8      | Found a white marble altar of Elyvilon.
  6662 | D:9      | Reached ***** piety under Trog
  6669 | D:9      | Reached skill level 9 in Fighting
  6691 | D:9      | Reached skill level 11 in Maces & Flails
  7043 | D:9      | Reached skill level 8 in Shields
  7090 | D:9      | Found a staircase to the Orcish Mines.
  7236 | D:9      | Found Tiruor's Antique Weapon Shop.
  7415 | D:10     | Entered Level 10 of the Dungeon
  7630 | D:10     | Reached skill level 9 in Armour
  8716 | Lair:1   | Entered Level 1 of the Lair of Beasts
  8721 | Lair:1   | Noticed a seven-headed hydra
  8727 | Lair:1   | Killed a seven-headed hydra
  8727 | Lair:1   | Reached skill level 12 in Maces & Flails
  8732 | Lair:1   | Reached XP level 11. HP: 99/99 MP: 10/10
  8907 | Lair:1   | Reached skill level 10 in Fighting
  8911 | Lair:1   | Reached skill level 9 in Shields
  9150 | Lair:1   | Reached skill level 10 in Armour
  9368 | Lair:1   | Received a gift from Trog
  9425 | Lair:1   | Reached skill level 13 in Maces & Flails
 10106 | Lair:2   | Noticed an oklob plant
 10106 | Lair:2   | Noticed an oklob plant
 10184 | Lair:2   | Noticed a necromancer
 10191 | Lair:2   | Killed a necromancer
 10549 | Lair:3   | Noticed Gastronok
 10561 | Lair:3   | Killed Gastronok
 10561 | Lair:3   | Reached skill level 10 in Shields
 10849 | Lair:3   | Found a staircase to the Shoals.
 10862 | Lair:3   | Reached skill level 11 in Fighting
 10937 | Lair:3   | Found a hole to the Spider Nest.
 11489 | Lair:4   | Reached XP level 12. HP: 107/110 MP: 11/11
 11510 | Lair:4   | Got a steaming ring mail
 11521 | Lair:4   | Identified the +0 ring mail of Action {rPois rF++ rCorr
                  | Dex-3} (You found it on level 4 of the Lair of Beasts)
 11536 | Lair:4   | Reached skill level 14 in Maces & Flails
 11554 | Lair:4   | Reached skill level 11 in Armour
 11577 | Lair:4   | Found a transporter.
 11579 | Lair:4   | Noticed Ibbaw's ghost (journeyman GrHu)
 11579 | Lair:4   | Found a transporter.
 11583 | Lair:4   | Noticed a five-headed hydra
 11698 | Lair:4   | Noticed a six-headed hydra
 11705 | Lair:4   | Killed a six-headed hydra
 12319 | Lair:5   | Noticed a death yak
 12395 | Lair:5   | Noticed a death yak
 12395 | Lair:5   | Noticed a death yak
 12429 | Lair:4   | Killed a death yak
 12431 | Lair:5   | Noticed a death yak
 12431 | Lair:5   | Noticed a death yak
 12437 | Lair:4   | Killed a death yak
 12437 | Lair:4   | Reached skill level 11 in Shields
 12442 | Lair:4   | Killed a death yak
 12442 | Lair:4   | Reached skill level 15 in Maces & Flails
 12483 | Lair:5   | Killed a death yak
 12487 | Lair:5   | Killed a death yak
 12487 | Lair:5   | Reached skill level 12 in Fighting
 12637 | Lair:5   | Found a staircase to the Slime Pits.
 12637 | Lair:5   | Found a viscous altar of Jiyva.
 12696 | Lair:5   | Got a faintly glowing chain mail
 12707 | Lair:5   | Identified the +6 chain mail of Lies {MP+9 Int+2} (You
                  | found it on level 5 of the Lair of Beasts)
 12726 | Lair:5   | Noticed a death yak
 12726 | Lair:5   | Noticed a death yak
 12726 | Lair:5   | Noticed a death yak
 12727 | Lair:5   | Noticed a death yak
 12729 | Lair:5   | Noticed a death yak
 12734 | Lair:5   | Killed a death yak
 12741 | Lair:5   | Killed a death yak
 12745 | Lair:5   | Killed a death yak
 12745 | Lair:5   | Reached XP level 13. HP: 118/118 MP: 12/12
 12748 | Lair:5   | Reached skill level 12 in Armour
 13015 | Lair:5   | Reached skill level 12 in Shields
 13365 | Lair:6   | Entered Level 6 of the Lair of Beasts
 13502 | Lair:6   | Found a dark tunnel.
 13507 | Lair:6   | Reached skill level 13 in Fighting
 13519 | Volcano  | Entered a volcano
 13561 | Volcano  | Noticed a stone giant
 13581 | Volcano  | Killed a stone giant
 13665 | Volcano  | Reached skill level 13 in Armour
 13896 | Lair:6   | Received a gift from Trog
 13902 | Lair:6   | HP: 18/122 [dream sheep (26)]
 13909 | Lair:6   | HP: 16/183 [poisoned by a spiny frog]
 13915 | Lair:6   | HP: 16/183 [poisoned by a spiny frog]
 13920 | Lair:6   | HP: 11/122 [poisoned by a spiny frog]
 13927 | Lair:6   | HP: 16/122 [poisoned by a spiny frog]
 13932 | Lair:6   | HP: 19/122 [poisoned by a spiny frog]
 13988 | Lair:6   | Reached skill level 13 in Shields
 14280 | Lair:6   | Reached XP level 14. HP: 104/130 MP: 13/13
 14328 | Lair:6   | Reached skill level 14 in Fighting
 14414 | Lair:6   | Identified the Disquisition on Frigorific Attacks
 14423 | Lair:6   | Got a crude mace
 14424 | Lair:6   | Identified the +5 mace of Linearity {crush, MR+} (You found
                  | it on level 6 of the Lair of Beasts)
 15353 | D:11     | Received a gift from Trog
 15362 | D:11     | Found a gate leading to a gauntlet.
 15380 | Gauntlet | Entered a Gauntlet
 15380 | Gauntlet | Found a transporter.
 15380 | Gauntlet | Found a transporter.
 15384 | Gauntlet | Found a transporter.
 15388 | Gauntlet | Found a transporter.
 15390 | Gauntlet | Found a transporter.
 15390 | Gauntlet | Found a transporter.
 15400 | Gauntlet | Found a transporter.
 15404 | Gauntlet | Found a transporter.
 15407 | Gauntlet | Found a transporter.
 15407 | Gauntlet | Found a transporter.
 15511 | Gauntlet | Reached skill level 14 in Armour
 15516 | Gauntlet | Got a heavily runed marble ring
 15518 | Gauntlet | Identified the ring "Fedax" {*Corrode MR+ MP+9 Int+3} (You
                  | found it in a Gauntlet)
 15533 | Gauntlet | Found a transporter.
 15556 | Gauntlet | Got a twitching jade ring
 15559 | Gauntlet | Identified the ring "Betaogas" {Ice rPois Str-4 Dex+4
                  | Stlth+} (You found it in a Gauntlet)
 15652 | Gauntlet | Identified the +8 hand axe "Yru Fabb" {chop, +Blink rC+
                  | rN++ Dex-3}
 15676 | Gauntlet | Found the +10 Black Knight's horse barding {ponderous,
                  | rPois rN+}
 15742 | D:11     | Identified Tyehoirch's Disquisition on Flamy Protection
 16203 | D:12     | Reached skill level 14 in Shields
 16268 | D:12     | Found Geirirch's Antique Armour Boutique.
 16657 | D:13     | Found a gate to the Vaults.
 16657 | D:13     | Noticed Rupert
 16657 | D:13     | Noticed Nessos
 16657 | D:13     | Noticed Urug
 16672 | D:12     | Killed Urug
 17009 | Lair:4   | Killed Ibbaw's ghost
 17012 | Lair:4   | Received a gift from Trog
 17022 | Lair:4   | Reached skill level 15 in Fighting
 17190 | Orc:1    | Entered Level 1 of the Orcish Mines
 17192 | Orc:1    | Found a radiant altar of Vehumet.
 17276 | Orc:1    | Noticed Erica
 17283 | Orc:1    | Killed Erica
 17286 | Orc:1    | Noticed Harold
 17306 | Orc:1    | Found a frozen archway.
 17333 | Orc:1    | Killed Harold
 17352 | IceCv    | Entered an ice cave
 17401 | IceCv    | Reached skill level 15 in Armour
 17590 | IceCv    | Noticed a reaper
 17602 | IceCv    | Killed a reaper
 17722 | Orc:1    | Reached ****** piety under Trog
 17738 | Orc:1    | Received a gift from Trog
 18059 | Orc:2    | Entered Level 2 of the Orcish Mines
 18059 | Orc:2    | Noticed Snorg
 18073 | Orc:1    | Killed Snorg
 18298 | Orc:2    | Reached skill level 15 in Shields
 18365 | Orc:2    | Found a staircase to the Elven Halls.
 18389 | Orc:2    | Paralysed by an orc sorcerer for 6 turns
 18464 | Orc:2    | Reached XP level 15. HP: 58/140 MP: 14/14
 18473 | Orc:2    | Noticed an orc warlord
 18483 | Orc:2    | Killed an orc warlord
 18997 | Orc:2    | Received a gift from Trog
 19190 | Orc:2    | Found Zoicly's Antique Armour Boutique.
 19191 | Orc:2    | Found Irue's Antique Weapon Boutique.
 19192 | Orc:2    | Found Kuruoh's General Store.
 19192 | Orc:2    | Found Xidghori's Book Shop.
 19260 | Orc:2    | Found Xaecat Jixo's Magic Scroll Shoppe.
 19285 | Orc:2    | Bought a scroll of enchant armour for 90 gold pieces
 19285 | Orc:2    | Bought a scroll of teleportation for 36 gold pieces
 19547 | Spider:1 | Entered Level 1 of the Spider Nest
 19804 | Spider:1 | HP: 33/142 [wolf spider (7)]
 19805 | Spider:1 | HP: 16/142 [redback (11)]
 20021 | Lair:3   | Reached skill level 16 in Fighting
 20091 | Spider:1 | Got an ancient bone ring
 20093 | Spider:1 | Identified the cursed ring of Yrorut {MP-9 Int-4 Dex+4
                  | Slay+5} (You found it on level 1 of the Spider Nest)
 20132 | Spider:1 | Received a gift from Trog
 20210 | Spider:1 | Reached skill level 16 in Armour
 20841 | Spider:1 | Reached skill level 16 in Shields
 21175 | Spider:2 | Received a gift from Trog
 22139 | Spider:3 | Reached skill level 17 in Fighting
 22189 | Spider:3 | Reached XP level 16. HP: 147/155 MP: 15/15
 22320 | Spider:3 | Reached skill level 17 in Armour
 22663 | Spider:4 | Entered Level 4 of the Spider Nest
 22663 | Spider:4 | Noticed Nikola
 22961 | Spider:3 | Received a gift from Trog
 23000 | Spider:4 | Reached skill level 17 in Shields
 23983 | D:12     | Bought storm dragon scales for 1840 gold pieces
 24372 | Spider:3 | Killed Nikola
 24494 | Spider:4 | Received a gift from Trog
 24526 | Spider:4 | Reached skill level 18 in Fighting
 24639 | Spider:4 | Reached skill level 18 in Armour
 24789 | Spider:4 | Got a gossamer rune of Zot
 25059 | Shoals:1 | Entered Level 1 of the Shoals
 25162 | Shoals:1 | Reached skill level 18 in Shields
 25325 | Shoals:1 | Reached XP level 17. HP: 134/166 MP: 16/16
 25333 | Shoals:1 | Received a gift from Trog
 27007 | Shoals:2 | Found Wumpux's Armour Emporium.
 27245 | Shoals:3 | Received a gift from Trog
 27245 | Shoals:3 | Reached skill level 19 in Fighting
 27361 | Shoals:3 | Upgraded the game from 0.23-a0-625-g1d2cd9b to
                  | 0.23-a0-629-gae4348f
 27567 | Shoals:3 | Found Kaphoo Ewna's Assorted Antiques.
 27645 | Shoals:3 | Noticed Polyphemus
 28022 | Shoals:4 | Entered Level 4 of the Shoals
 28178 | Shoals:4 | Reached skill level 19 in Armour
 28248 | Shoals:4 | HP: 42/168 [merfolk impaler/+3 trident of freezing (5)]
 28269 | Shoals:4 | HP: 39/168 [satyr/arrow (14)]
 28474 | Shoals:4 | Got a barnacled rune of Zot
 28786 | Elf:1    | Entered Level 1 of the Elven Halls
 28799 | Elf:1    | Reached skill level 19 in Shields
 28806 | Elf:1    | Received a gift from Trog
 28898 | Elf:1    | Noticed Asterion
 28991 | Elf:1    | Killed Asterion
 28991 | Elf:1    | Reached skill level 5 in Axes
 29011 | Elf:1    | HP: 32/168 [deep elf mage/shard of ice (20)]
 29016 | Elf:1    | HP: 26/168 [poisoned by a deep elf mage]
 29022 | Elf:1    | HP: 19/168 [poisoned by a deep elf mage]
 29258 | Elf:1    | HP: 33/168 [deep elf mage/bolt of lightning (20)]
 29303 | Elf:1    | HP: 30/168 [deep elf mage/bolt of lightning (27)]
 29303 | Elf:1    | HP: 7/168 [deep elf mage/bolt of lightning (23)]
 29306 | Elf:1    | HP: 2/168 [deep elf mage/bolt of lightning (5)]
 29520 | Elf:1    | Found a flickering gateway to a bazaar.
 29529 | Bazaar   | Entered a bazaar
 29533 | Bazaar   | Found Voly Mia's Weapon Boutique.
 29552 | Bazaar   | Found Hannat's Assorted Antiques.
 29569 | Bazaar   | Found Odeaniu's Book Boutique.
 29587 | Bazaar   | Found Sanaw's Antique Armour Shoppe.
 29609 | Bazaar   | Bought a dazzling large shield for 370 gold pieces
 29619 | Bazaar   | Identified the +5 large shield "Petro" {Int+6} (You bought
                  | it in a shop in a bazaar)
 30050 | D:12     | Reached skill level 3 in Dodging
 30051 | D:12     | Killed Rupert
 30100 | D:12     | Reached XP level 18. HP: 151/177 MP: 17/17
 30117 | D:12     | Received a gift from Trog
 30586 | D:13     | Killed Nessos
 30618 | D:13     | Reached skill level 4 in Dodging
 30757 | D:13     | You fall through a shaft for 2 floors!
 30757 | D:15     | Entered Level 15 of the Dungeon
 30796 | D:14     | Noticed Frances
 30805 | D:14     | Killed Frances
 30964 | D:14     | Found a corrupted altar of Lugonu.
 31074 | D:14     | Found a runed door.
 31076 | D:14     | Noticed Sharkman1231's ghost (journeyman DsWn)
 31108 | D:14     | Killed Sharkman1231's ghost
 31477 | D:13     | Reached skill level 5 in Dodging
 31522 | D:13     | Noticed Sonja
 31529 | D:13     | Killed Sonja
 31840 | D:15     | Found a staircase to the Depths.
 31862 | D:15     | Received a gift from Trog
 31862 | D:15     | Reached skill level 20 in Fighting
 31881 | D:15     | Found Ximei's Gadget Emporium.
 32247 | D:15     | Reached skill level 6 in Dodging
 32352 | D:15     | Noticed Josephine
 32363 | D:15     | Killed Josephine
 32528 | Vaults:1 | Entered Level 1 of the Vaults
 32644 | Vaults:1 | Reached skill level 20 in Shields
 32739 | Vaults:1 | Reached skill level 7 in Dodging
 33113 | Vaults:1 | Received a gift from Trog
 33256 | Vaults:1 | Reached skill level 8 in Dodging
 34130 | Vaults:2 | Identified the amulet of Oseacim {Reflect rPois SH+3
                  | Stlth+} (You found it on level 2 of the Vaults)
 34158 | Vaults:2 | Reached XP level 19. HP: 170/188 MP: 18/18
 34468 | Vaults:2 | Reached skill level 9 in Dodging
 34480 | Vaults:2 | Received a gift from Trog
 34669 | Vaults:2 | Reached skill level 21 in Fighting
 35414 | Vaults:2 | Reached skill level 10 in Dodging
 35451 | Vaults:2 | Paralysed by an ogre mage for 5 turns
 35462 | Vaults:2 | Reached skill level 21 in Shields
 35541 | Vaults:2 | Paralysed by a great orb of eyes for 6 turns
 36010 | Vaults:2 | Received a gift from Trog
 36330 | Vaults:3 | HP: 44/190 [??? (42)]
 36828 | Vaults:3 | Reached skill level 11 in Dodging
 36842 | Vaults:3 | Found a staircase to the Crypt.
 36854 | Vaults:3 | You fall through a shaft!
 36957 | Vaults:4 | Noticed an ancient lich
 37077 | Vaults:4 | Received a gift from Trog
 37081 | Vaults:4 | Reached XP level 20. HP: 200/200 MP: 19/19
 37124 | Vaults:4 | Reached skill level 22 in Fighting
 37283 | Vaults:3 | Reached skill level 12 in Dodging
 37542 | Vaults:3 | Found a stormy altar of Qazlal.
 37622 | Vaults:3 | Reached skill level 22 in Shields
 38394 | Vaults:4 | Received a gift from Trog
 38651 | Vaults:4 | Reached skill level 13 in Dodging
 38836 | Vaults:4 | Found a runed gate.
 38836 | Vaults:4 | Found a runed gate.
 38836 | Vaults:4 | Found a runed gate.
 38837 | Vaults:4 | Noticed Snack's ghost (adept DrSk)
 38839 | Vaults:4 | Found the +27 Lear's hauberk
 38839 | Vaults:4 | Found an iron altar of Okawaru.
 38888 | Vaults:4 | Received a gift from Trog
 39096 | Vaults:4 | HP: 45/202 [ironheart preserver simulacrum[a necromancer]
                  | (8)]
 39098 | Vaults:4 | HP: 9/202 [tengu reaver simulacrum[a necromancer] (14)]
 39100 | Vaults:4 | Found Zorez's Assorted Antiques.
 39102 | Vaults:4 | Received a gift from Trog
 39568 | Vaults:4 | Bought a scroll of blinking for 187 gold pieces
 39568 | Vaults:4 | Bought a scroll of teleportation for 75 gold pieces
 39777 | Vaults:4 | Noticed Sojobo
 39807 | Vaults:4 | Killed Sojobo
 40439 | Vaults:4 | Reached skill level 23 in Fighting
 40481 | Vaults:4 | Reached XP level 21. HP: 184/211 MP: 20/20
 40522 | Vaults:4 | Killed Snack's ghost
 40592 | Vaults:4 | Identified the +7 battleaxe of Dissatisfaction {antimagic,
                  | +Inv MR+ Str-4 Int+2} (You found it on level 4 of the
                  | Vaults)
 41025 | Elf:1    | Reached skill level 14 in Dodging
 41124 | Elf:1    | You fall through a shaft!
 41360 | Elf:2    | Reached skill level 23 in Shields
 41419 | Elf:2    | Found a runed gate.
 41419 | Elf:2    | Found a runed gate.
 41420 | Elf:2    | Found a runed gate.
 41473 | Elf:2    | Received a gift from Trog
 42639 | Elf:3    | Entered Level 3 of the Elven Halls
 42686 | Elf:3    | Received a gift from Trog
 43169 | Elf:3    | Identified the ring of a Million Stories {rPois AC+1 Dex-3
                  | SInv}
 43169 | Elf:3    | Cast into level 2 of the Abyss (a deep elf sorcerer)
 43254 | Abyss:2  | Reached skill level 15 in Dodging
 44374 | Abyss:3  | Reached skill level 24 in Fighting
 44381 | Abyss:3  | Received a gift from Trog
 44630 | Abyss:3  | Reached XP level 22. HP: 175/222 MP: 12/21
 44893 | Abyss:3  | Noticed an ancient lich
 44907 | Abyss:3  | Killed an ancient lich
 44936 | Abyss:4  | Reached skill level 24 in Shields
 44942 | Abyss:4  | HP: 49/223 [blizzard demon/bolt of lightning (23)]
 44950 | Abyss:4  | HP: 34/223 [burnt (2)]
 44952 | Abyss:4  | HP: 14/223 [burnt (3)]
 44955 | Abyss:4  | HP: 4/223 [burnt (3)]
 45055 | Abyss:4  | Reached skill level 16 in Dodging
 45082 | Abyss:4  | Received a gift from Trog
 45100 | Abyss:4  | HP: 52/223 [raiju/living lightning (6)]
 45616 | Abyss:4  | Gained mutation: Your body sometimes deteriorates upon
                  | taking damage. [a shining eye]
 45830 | Abyss:4  | Received a gift from Trog
 45929 | Abyss:4  | Found a deep blue altar of Sif Muna.
 46229 | Abyss:4  | Noticed a golden dragon
 46229 | Abyss:4  | a shadow dragon changed into a golden dragon
 46237 | Abyss:4  | Killed a golden dragon
 46270 | Abyss:4  | Found a deep blue altar of Sif Muna.
 46756 | Abyss:4  | Reached skill level 17 in Dodging
 46759 | Abyss:4  | Received a gift from Trog
 46972 | Abyss:4  | Reached skill level 25 in Fighting
 46989 | Abyss:4  | HP: 48/226 [something (21)]
 47283 | Abyss:4  | Gained mutation: You occasionally shout uncontrollably at
                  | your foes. [a neqoxec]
 47289 | Abyss:4  | Reached XP level 23. HP: 223/234 MP: 7/22
 47436 | Abyss:4  | Reached skill level 25 in Shields
 47529 | Abyss:4  | HP: 56/234 [starcursed mass/accursed screaming (12)]
 47531 | Abyss:4  | HP: 26/234 [starcursed mass/accursed screaming (10)]
 47534 | Abyss:4  | HP: 12/234 [starcursed mass (2)]
 47534 | Abyss:4  | Killed from afar by a smoke demon

Vault maps used:
D:1:      dpeg_arrival_concentric_ovals, minivault_11, chequers_mini_garden,
          grunt_decor_cap
D:2:      grunt_temple_overflow_open, minmay_tiny_reverse_x
D:3:      lemuel_crystal_altar, cheibriados_altar_1, nrook_uturn, uniq_robin,
          uniq_terence
D:4:      first_ration, serial_shops, shop_statue, minmay_increasing_density,
          uniq_menkaure
D:5:      lemuel_doored_altar, minmay_temple_entry_mist, serial_shops,
          shop_coins
D:6:      overflow_temple_1_default, zin_statuary, serial_shops, shop, shop,
          shop, shop, minmay_door_square
D:7:      ashenzari_altar_1, xom_teletrap_fun
D:8:      bloody_trog, lemuel_coloured_pillars_altar, dpeg_oklobed_lair,
          special_room, serial_shops, kennysheep_mini, grunt_livestock,
          kennysheep_path_1
D:9:      hiddenorc1_lemuel, serial_shops, nicolae_shop_statue_plus
D:11:     gauntlet_entry_generic
D:12:     serial_shops, shop_coins, serial_undead, serial_undead_c,
          serial_undead_a, serial_undead_c, serial_undead_c,
          chequers_serial_rivers_large_a
D:13:     david_vaults_3, uniq_sonja
D:14:     serial_bayou_pond_d, ebering_ghost_inner_flame, tgw_lugonu_bribe,
          uniq_frances
D:15:     grunt_enter_depths_giant_problem, serial_shops, shop, uniq_rupert,
          uniq_josephine
Lair:1:   grunt_megastairs_1
Lair:2:   eino_house_with_fridge, minmay_lair_oklob_chamber, grunt_megastairs_5,
          lemuel_fruit_fields
Lair:3:   shoals_dummy_entry, nicolae_spider_entry_non_spiders, uniq_gastronok
Lair:4:   gammafunk_ghost_arena, beast_lair_carwin_4, infiniplex_staircase_pool
Lair:5:   slime_altar_1, serial_rivers, chequers_serial_rivers_micro_e,
          chequers_serial_rivers_room_a, chequers_serial_rivers_room_a,
          chequers_serial_rivers_micro_e, grunt_megastairs_3
Lair:6:   minmay_lair_end_frog_pond, nicolae_volcano_entry_lava_flow
Shoals:1: nicolae_shoals_aquamancer_cove
Shoals:2: serial_shops, shop
Shoals:3: serial_shops, shop, uniq_polyphemus
Shoals:4: shoals_end_grunt_ice
Spider:2: spider_trap
Spider:3: nicolae_orb_stairs_large
Spider:4: grunt_spider_rune_circles, einodemon_crawler_minivault, uniq_nikola
Orc:1:    portal_ice_cave_entry_pillars_2, basic_altar, uniq_urug, uniq_harold,
          uniq_erica
Orc:2:    st_orc_congregation, serial_shops, nicolae_shop_waterfront, uniq_snorg
Elf:1:    minmay_elf_arrival_plus, serial_shops, bzr_entry_islet,
          minmay_elf_annihilation, uniq_asterion
Elf:2:    minmay_crystal_room
Elf:3:    elf_hall, minmay_elf_sorcery
Vaults:1: v_misc_27, v_rooms_5, v_pattern_1,
          nicolae_vaults_windows_and_doors_thing, v_misc_13,
          grunt_vaults_bifocal, vaults_mumra_lcd
Vaults:2: vaults_mumra_minichess, v_alt_pattern_1, v_misc_11,
          nicolae_vaults_little_ls, nicolae_vaults_circle_grid_a,
          nicolae_vaults_alarming, vaults_mumra_hex, vaults_room_corners
Vaults:3: hangedman_vaults_nails, minmay_crypt_entry_simple_corners,
          nicolae_vaults_network_star, vaults_mumra_bighexcomb,
          nicolae_vaults_twisting_passages, vaults_dpeg_spiral,
          hangedman_vaults_capsules, v_alt_pattern_2, ontoclasm_vaults_gateway,
          nicolae_vaults_mini_display_case, serial_ice_h, basic_altar
Vaults:4: gammafunk_vaults_ghost_fury_of_okawaru, nicolae_vaults_specimen_jars,
          nicolae_vaults_big_angled_halls, nicolae_vaults_network_s,
          nicolae_vaults_shelves_hall, grunt_vaults_focal,
          nicolae_vaults_sealed_display, nicolae_vaults_three_branches,
          vaults_room_boxed, vaults_mumra_chevron_long, ontoclasm_vaults_spin,
          v_misc_31, serial_shops, nicolae_shop_overgrown_old_shop, uniq_sojobo
Abyss:4:  hangedman_abyss_or_decor_lesser_grid,
          dshaligram_kb_abyss_rune_zappy_water_cross, evilmike_abyss_exit_14,
          minivault_24
Bazaar:   bazaar_jpeg_circle_common
IceCv:    ice_cave_small_demon
Volcano:  volcano_pools
Gauntlet: gammafunk_gauntlet_hard_choice

Skill      XL: |  1  2  3  4  5  6  7  8  9 10 11 12 13 14 15 16 17 18 19 20 21 22 23 |
---------------+----------------------------------------------------------------------+-----
Axes           | 4 5 |  5.8
Fighting       | 4 5 6 7 8 9 11 12 13 15 17 18 19 20 21 23 24 25 | 25.3
Armour         | 3 4 5 6 8 9 10 11 13 15 16 18 19 | 19.4
Shields        | 1 2 3 4 5 7 8 10 11 13 15 16 18 19 20 21 22 23 24 25 | 25.1
Maces & Flails | 2 4 6 8 10 12 13 15 | 15.8
Dodging        | 3 8 11 13 15 17 | 17.6

Action                   |  1- 3 |  4- 6 |  7- 9 | 10-12 | 13-15 | 16-18 | 19-21 | 22-24 || total
-------------------------+-------+-------+-------+-------+-------+-------+-------+-------++-------
Melee: Hand axe          |    90 |     7 |       |       |       |       |       |       ||    97
       Headbutt          |    11 |    18 |    46 |   106 |   323 |   438 |   489 |   282 ||  1713
       Morningstar       |       |   106 |   254 |   502 |   860 |  1655 |  1175 |       ||  4552
       Eveningstar       |       |       |       |       |   687 |       |   389 |   893 ||  1969
       Broad axe         |       |       |       |       |       |   175 |       |       ||   175
Invok: Berserk           |       |     1 |       |       |     2 |     1 |     1 |       ||     5
       Trog's Hand       |       |       |       |     1 |     1 |     9 |     8 |    12 ||    31
       Brothers in Arms  |       |       |       |       |     4 |     7 |     3 |     1 ||    15
Evoke: Wand              |       |       |     3 |     5 |       |     6 |       |       ||    14
  Use: Scroll            |       |     2 |     4 |    17 |    14 |    11 |     8 |     3 ||    59
       Potion            |       |       |       |       |     3 |     3 |     1 |     9 ||    16
 Stab: Held in net/web   |       |       |       |       |       |     1 |       |       ||     1
       Distracted        |       |       |       |       |       |     1 |       |     1 ||     2
       Paralysed         |       |       |       |       |       |       |       |     1 ||     1
  Eat: Chunk             |     1 |     7 |     8 |    16 |    28 |    35 |    34 |     3 ||   132
       Ration            |       |       |       |     3 |     2 |     4 |     3 |     3 ||    15
Armor: Animal skin       |    11 |       |       |       |       |       |       |       ||    11
       Chain mail        |    28 |    10 |       |     3 |   660 |   645 |   324 |   219 ||  1889
       Plate armour      |       |    40 |    97 |   147 |       |       |       |       ||   284
       Ring mail         |       |       |       |     3 |       |       |       |       ||     3
       Storm dragon scal |       |       |       |       |       |   120 |       |       ||   120
Dodge: Dodged            |    26 |     6 |    33 |    73 |   303 |   392 |   396 |   369 ||  1598
Block: Large shield      |    20 |    73 |   190 |   417 |  1444 |  2396 |  1850 |  1261 ||  7651
       Reflection        |       |       |       |       |       |       |   143 |    12 ||   155

Table legend:
 A = Non-vault XP
 B = Vault XP
 C = Vault XP percentage of total XP
 D = Non-vault monster count
 E = Vault monster count
 F = Vault count percentage of total count
                 A         B        C        D         E       F
            +---------+---------+-------+---------+---------+-------
      Total |  605581 |  272009 |  31.0 |    1540 |     569 |  27.0
            +---------+---------+-------+---------+---------+-------
        D:1 |      34 |       0 |   0.0 |      19 |       0 |   0.0
        D:2 |      58 |       6 |   9.4 |      15 |       2 |  11.8
        D:3 |     144 |      65 |  31.1 |      15 |       9 |  37.5
        D:4 |     293 |     249 |  45.9 |      13 |       6 |  31.6
        D:5 |     420 |       0 |   0.0 |      20 |       0 |   0.0
        D:6 |    1454 |       0 |   0.0 |      31 |       0 |   0.0
        D:7 |     870 |       0 |   0.0 |      16 |       0 |   0.0
        D:8 |    1640 |    1772 |  51.9 |      16 |      15 |  48.4
        D:9 |    1232 |     218 |  15.0 |      22 |      17 |  43.6
       D:10 |    1458 |       0 |   0.0 |      14 |       0 |   0.0
       D:11 |    4107 |       0 |   0.0 |      22 |       0 |   0.0
       D:12 |    6999 |    8510 |  54.9 |      42 |      30 |  41.7
       D:13 |    6609 |    2275 |  25.6 |      41 |       3 |   6.8
       D:14 |    3438 |    3975 |  53.6 |      26 |       3 |  10.3
       D:15 |   14672 |    3511 |  19.3 |      47 |       5 |   9.6
     Lair:1 |    4217 |    1835 |  30.3 |      15 |       8 |  34.8
     Lair:2 |     825 |     778 |  48.5 |       4 |      12 |  75.0
     Lair:3 |    4340 |    2533 |  36.9 |      19 |       9 |  32.1
     Lair:4 |    8494 |    5189 |  37.9 |      25 |      13 |  34.2
     Lair:5 |   13986 |    1584 |  10.2 |      31 |       5 |  13.9
     Lair:6 |    6395 |   12042 |  65.3 |      23 |      46 |  66.7
   Shoals:1 |   15405 |    4402 |  22.2 |      36 |       5 |  12.2
   Shoals:2 |   15508 |     876 |   5.3 |      39 |       1 |   2.5
   Shoals:3 |    9191 |       0 |   0.0 |      19 |       0 |   0.0
   Shoals:4 |    4196 |    5997 |  58.8 |       9 |       8 |  47.1
   Spider:1 |   17283 |       0 |   0.0 |      60 |       0 |   0.0
   Spider:2 |   12274 |       0 |   0.0 |      36 |       0 |   0.0
   Spider:3 |   16270 |    8365 |  34.0 |      44 |      10 |  18.5
   Spider:4 |   19756 |   19607 |  49.8 |      57 |      42 |  42.4
      Orc:1 |    3464 |    3969 |  53.4 |      42 |       6 |  12.5
      Orc:2 |    2758 |    7971 |  74.3 |      28 |      60 |  68.2
      Elf:1 |   17927 |    9432 |  34.5 |      31 |      12 |  27.9
      Elf:2 |   16994 |   23628 |  58.2 |      34 |      28 |  45.2
      Elf:3 |   11947 |    8989 |  42.9 |      20 |      13 |  39.4
   Vaults:1 |   26969 |   16578 |  38.1 |      50 |      36 |  41.9
   Vaults:2 |   39247 |   29453 |  42.9 |      65 |      32 |  33.0
   Vaults:3 |   24948 |   23110 |  48.1 |      40 |      33 |  45.2
   Vaults:4 |   60771 |   47629 |  43.9 |      82 |      40 |  32.8
    Abyss:2 |   34484 |       0 |   0.0 |      79 |       0 |   0.0
    Abyss:3 |   32644 |       0 |   0.0 |      65 |       0 |   0.0
    Abyss:4 |  141860 |    5816 |   3.9 |     228 |      17 |   6.9
      IceCv |       0 |    5237 | 100.0 |       0 |      25 | 100.0
    Volcano |       0 |    2882 | 100.0 |       0 |       7 | 100.0
   Gauntlet |       0 |    3526 | 100.0 |       0 |      11 | 100.0
            +---------+---------+-------+---------+---------+-------

Vault maps used:
D:1:      dpeg_arrival_concentric_ovals, minivault_11, chequers_mini_garden,
          grunt_decor_cap
D:2:      grunt_temple_overflow_open, minmay_tiny_reverse_x
D:3:      lemuel_crystal_altar, cheibriados_altar_1, nrook_uturn, uniq_robin,
          uniq_terence
D:4:      first_ration, serial_shops, shop_statue, minmay_increasing_density,
          uniq_menkaure
D:5:      lemuel_doored_altar, minmay_temple_entry_mist, serial_shops,
          shop_coins
D:6:      overflow_temple_1_default, zin_statuary, serial_shops, shop, shop,
          shop, shop, minmay_door_square
D:7:      ashenzari_altar_1, xom_teletrap_fun
D:8:      bloody_trog, lemuel_coloured_pillars_altar, dpeg_oklobed_lair,
          special_room, serial_shops, kennysheep_mini, grunt_livestock,
          kennysheep_path_1
D:9:      hiddenorc1_lemuel, serial_shops, nicolae_shop_statue_plus
D:11:     gauntlet_entry_generic
D:12:     serial_shops, shop_coins, serial_undead, serial_undead_c,
          serial_undead_a, serial_undead_c, serial_undead_c,
          chequers_serial_rivers_large_a
D:13:     david_vaults_3, uniq_sonja
D:14:     serial_bayou_pond_d, ebering_ghost_inner_flame, tgw_lugonu_bribe,
          uniq_frances
D:15:     grunt_enter_depths_giant_problem, serial_shops, shop, uniq_rupert,
          uniq_josephine
Lair:1:   grunt_megastairs_1
Lair:2:   eino_house_with_fridge, minmay_lair_oklob_chamber, grunt_megastairs_5,
          lemuel_fruit_fields
Lair:3:   shoals_dummy_entry, nicolae_spider_entry_non_spiders, uniq_gastronok
Lair:4:   gammafunk_ghost_arena, beast_lair_carwin_4, infiniplex_staircase_pool
Lair:5:   slime_altar_1, serial_rivers, chequers_serial_rivers_micro_e,
          chequers_serial_rivers_room_a, chequers_serial_rivers_room_a,
          chequers_serial_rivers_micro_e, grunt_megastairs_3
Lair:6:   minmay_lair_end_frog_pond, nicolae_volcano_entry_lava_flow
Shoals:1: nicolae_shoals_aquamancer_cove
Shoals:2: serial_shops, shop
Shoals:3: serial_shops, shop, uniq_polyphemus
Shoals:4: shoals_end_grunt_ice
Spider:2: spider_trap
Spider:3: nicolae_orb_stairs_large
Spider:4: grunt_spider_rune_circles, einodemon_crawler_minivault, uniq_nikola
Orc:1:    portal_ice_cave_entry_pillars_2, basic_altar, uniq_urug, uniq_harold,
          uniq_erica
Orc:2:    st_orc_congregation, serial_shops, nicolae_shop_waterfront, uniq_snorg
Elf:1:    minmay_elf_arrival_plus, serial_shops, bzr_entry_islet,
          minmay_elf_annihilation, uniq_asterion
Elf:2:    minmay_crystal_room
Elf:3:    elf_hall, minmay_elf_sorcery
Vaults:1: v_misc_27, v_rooms_5, v_pattern_1,
          nicolae_vaults_windows_and_doors_thing, v_misc_13,
          grunt_vaults_bifocal, vaults_mumra_lcd
Vaults:2: vaults_mumra_minichess, v_alt_pattern_1, v_misc_11,
          nicolae_vaults_little_ls, nicolae_vaults_circle_grid_a,
          nicolae_vaults_alarming, vaults_mumra_hex, vaults_room_corners
Vaults:3: hangedman_vaults_nails, minmay_crypt_entry_simple_corners,
          nicolae_vaults_network_star, vaults_mumra_bighexcomb,
          nicolae_vaults_twisting_passages, vaults_dpeg_spiral,
          hangedman_vaults_capsules, v_alt_pattern_2, ontoclasm_vaults_gateway,
          nicolae_vaults_mini_display_case, serial_ice_h, basic_altar
Vaults:4: gammafunk_vaults_ghost_fury_of_okawaru, nicolae_vaults_specimen_jars,
          nicolae_vaults_big_angled_halls, nicolae_vaults_network_s,
          nicolae_vaults_shelves_hall, grunt_vaults_focal,
          nicolae_vaults_sealed_display, nicolae_vaults_three_branches,
          vaults_room_boxed, vaults_mumra_chevron_long, ontoclasm_vaults_spin,
          v_misc_31, serial_shops, nicolae_shop_overgrown_old_shop, uniq_sojobo
Abyss:4:  hangedman_abyss_or_decor_lesser_grid,
          dshaligram_kb_abyss_rune_zappy_water_cross, evilmike_abyss_exit_14,
          minivault_24
Bazaar:   bazaar_jpeg_circle_common
IceCv:    ice_cave_small_demon
Volcano:  volcano_pools
Gauntlet: gammafunk_gauntlet_hard_choice

Table legend:
 A = Turns spent in this place as a percentage of turns spent in the entire game.
 B = Non-inter-level travel turns spent in this place as a percentage of non-inter-level travel turns spent in the entire game.
 C = Inter-level travel turns spent in this place as a percentage of turns spent in this place.
 D = Turns resting spent in this place as a percentage of non-inter-level travel turns spent in this place.
 E = Turns spent auto-exploring this place as a percentage of non-inter-level travel turns spent in this place.
 F = Non-inter-level travel turns spent in this place divided by the number of levels of this place that you've seen.
                   A       B       C       D       E      F
               +-------+-------+-------+-------+-------+----------------------
         Total | 100.0 | 100.0 |   7.4 |  24.6 |  44.4 | 978.2
       Dungeon |  27.3 |  26.6 |   9.8 |  16.7 |  63.1 | 781.0
          Lair |  15.3 |  14.5 |  12.0 |  20.3 |  55.6 | 1066.5
        Shoals |   7.5 |   7.5 |   6.3 |  31.3 |  34.8 | 830.2
   Spider Nest |  10.1 |   9.8 |   9.7 |  28.6 |  32.8 | 1084.0
  Orcish Mines |   4.7 |   4.2 |  17.7 |  15.5 |  46.3 | 922.0
   Elven Halls |   6.6 |   7.1 |   1.1 |  34.5 |  30.8 | 1037.3
        Vaults |  17.1 |  17.9 |   3.1 |  29.4 |  45.1 | 1972.5
         Abyss |   9.2 |   9.9 |   0.0 |  34.4 |  10.1 | 1455.0
        Bazaar |   0.4 |   0.4 |   0.0 |   0.0 |  40.3 | 176.0
      Ice Cave |   0.8 |   0.8 |   0.0 |   9.6 |   9.9 | 365.0
       Volcano |   0.4 |   0.4 |   0.0 |   0.0 |  51.5 | 196.0
      Gauntlet |   0.6 |   0.7 |   0.0 |  22.8 |   3.3 | 302.0
               +-------+-------+-------+-------+-------+----------------------

Table legend:
 A = Kills in this place as a percentage of kills in entire the game.
 B = Kills by you in this place as a percentage of kills by you in the entire game.
 C = Kills by friends in this place as a percentage of kills by friends in the entire game.
 D = Other kills in this place as a percentage of other kills in the entire game.
 E = Experience gained in this place as a percentage of experience gained in the entire game.
 F = Experience gained in this place divided by the number of levels of this place that you have seen.
                   A       B       C       D       E      F
               +-------+-------+-------+-------+-------+----------------------
         Total | 100.0 | 100.0 | 100.0 | 100.0 | 100.0 | 19502.0
       Dungeon |  21.3 |  21.8 |   7.7 |   0.0 |   7.3 | 4267.3
          Lair |  10.0 |  10.3 |   0.0 |   0.0 |   7.1 | 10369.7
        Shoals |   5.5 |   5.1 |  25.0 |   0.0 |   6.3 | 13893.8
   Spider Nest |  11.8 |  11.4 |  26.9 |  11.1 |  10.7 | 23388.8
  Orcish Mines |   6.4 |   5.7 |  38.5 |   0.0 |   2.1 | 9081.0
   Elven Halls |   6.5 |   6.7 |   0.0 |   5.6 |  10.1 | 29639.0
        Vaults |  17.9 |  17.8 |   1.9 |  77.8 |  30.6 | 67176.2
         Abyss |  18.4 |  19.0 |   0.0 |   5.6 |  24.5 | 71601.3
      Ice Cave |   1.2 |   1.2 |   0.0 |   0.0 |   0.6 | 5237.0
       Volcano |   0.3 |   0.3 |   0.0 |   0.0 |   0.3 | 2882.0
      Gauntlet |   0.5 |   0.5 |   0.0 |   0.0 |   0.4 | 3526.0
               +-------+-------+-------+-------+-------+----------------------
